| TOP OF THE 1ST |
|
Billings Mustangs batting - Pitching for Butte Copper Kings : LHP Richard Garcia
|
|
Pitching: LHP Richard Garcia
|
|
|
Batting: RHB Howard Meier
|
0-0: Fly out, F6 (Popup, 6MD, EV 58.8 MPH)
|
|
Batting: RHB Daniel Jones
|
0-0: Called Strike 0-1: Ground out 6-3 (Groundball, 6, EV 86.3 MPH)
|
|
Batting: RHB Andy Lawrence
|
0-0: Ball 1-0: SINGLE (Flyball, 89S, EV 88.1 MPH)
|
|
Batting: RHB Randy Day
|
0-0: Foul Ball, location: 2F 0-1: Swinging Strike 0-2: Ball 1-2: Ground out 4-3 (Groundball, 4, EV 92.5 MPH)
|
| Top of the 1st over - 0 runs, 1 hit, 0 errors, 1 left on base; Billings 0 - Butte 0 |
| BOTTOM OF THE 1ST |
|
Butte Copper Kings batting - Pitching for Billings Mustangs : RHP Marco Castillo
|
|
Pitching: RHP Marco Castillo
|
|
|
Batting: LHB Larry Jackson
|
0-0: Ball 1-0: Ball 2-0: Ground out 4-3 (Groundball, 4D, EV 102.5 MPH)
|
|
Batting: RHB Jere Longenecker
|
0-0: Called Strike 0-1: Fly out, F9 (Flyball, 9, EV 85.0 MPH)
|
|
Batting: SHB Pat Bone
|
0-0: Ball 1-0: SINGLE (Line Drive, 56D, EV 103.1 MPH)
|
|
Batting: RHB William Allen
|
0-0: Called Strike Pat Bone steals 2nd base 0-1: Ground out 6-3 (Groundball, 6, EV 98.1 MPH)
|
| Bottom of the 1st over - 0 runs, 1 hit, 0 errors, 1 left on base; Billings 0 - Butte 0 |
| TOP OF THE 2ND |
|
Billings Mustangs batting - Pitching for Butte Copper Kings : LHP Richard Garcia
|
|
Batting: RHB Leonidas Nolasco
|
0-0: Ball 1-0: Ball 2-0: Ground out 4-3 (Groundball, 4, EV 87.5 MPH)
|
|
Batting: RHB Dave Rosenhahn
|
0-0: Ball 1-0: DOUBLE (Groundball, 5L, EV 94.4 MPH)
|
|
Batting: RHB Gordon Eakin
|
0-0: Ball 1-0: Foul Ball, location: 2F 1-1: Ball 2-1: SINGLE (Line Drive, 6M, EV 98.1 MPH) Dave Rosenhahn to third
|
|
Batting: RHB Brian Milner
|
0-0: Ball 1-0: Reached on error, E3 (Groundball, 34S, EV 78.1 MPH) Dave Rosenhahn scores Gordon Eakin to third
|
|
Batting: RHB Howard Maynor
|
0-0: Ball 1-0: Ball 2-0: Fly out, F8 (Line Drive, 8RD, EV 103.8 MPH) Runner from 3rd tags up, SCORES, throw by CF
|
|
Batting: RHB Howard Meier
|
0-0: Ball 1-0: Foul Ball, location: 2F 1-1: Foul Ball, location: 2F 1-2: Ball 2-2: Ground out 6-3 (Groundball, 6, EV 85.0 MPH)
|
| Top of the 2nd over - 2 runs, 2 hits, 1 error, 1 left on base; Billings 2 - Butte 0 |
| BOTTOM OF THE 2ND |
|
Butte Copper Kings batting - Pitching for Billings Mustangs : RHP Marco Castillo
|
|
Batting: RHB Russ Anglin
|
0-0: Swinging Strike 0-1: Fly out, F7 (Flyball, 7, EV 81.3 MPH)
|
|
Batting: RHB Jose Matos
|
0-0: Ground out 6-3 (Groundball, 6, EV 78.1 MPH)
|
|
Batting: LHB Colin Sullivan
|
0-0: Ball 1-0: Swinging Strike 1-1: Reached on error, E5 (Groundball, 56, EV 101.9 MPH)
|
|
Batting: RHB Jose Escobar
|
0-0: Ball 1-0: Ball 2-0: Ball 3-0: Base on Balls
|
|
Batting: RHB Juan Alvarez
|
0-0: Ball 1-0: Ball 2-0: Called Strike 2-1: Ball 3-1: Ground out 4-3 (Groundball, 4, EV 101.3 MPH)
|
| Bottom of the 2nd over - 0 runs, 0 hits, 1 error, 2 left on base; Billings 2 - Butte 0 |
| TOP OF THE 3RD |
|
Billings Mustangs batting - Pitching for Butte Copper Kings : LHP Richard Garcia
|
|
Batting: RHB Daniel Jones
|
0-0: Foul Ball, location: 2F 0-1: Swinging Strike 0-2: Foul Ball, location: 2F 0-2: SINGLE (Groundball, 56D, EV 98.1 MPH)
|
|
Batting: RHB Andy Lawrence
|
0-0: Ball 1-0: Ball 2-0: Called Strike 2-1: Fielders Choice at 2nd, 5-4 (Groundball, 56, EV 98.8 MPH)
|
|
Batting: RHB Randy Day
|
0-0: Called Strike 0-1: Fly out, F8 (Line Drive, 8RM, EV 100.6 MPH)
|
|
Batting: RHB Leonidas Nolasco
|
0-0: Ball 1-0: Called Strike 1-1: Ball 2-1: Fly out, F8 (Flyball, 78S, EV 79.4 MPH)
|
| Top of the 3rd over - 0 runs, 1 hit, 0 errors, 1 left on base; Billings 2 - Butte 0 |
| BOTTOM OF THE 3RD |
|
Butte Copper Kings batting - Pitching for Billings Mustangs : RHP Marco Castillo
|
|
Batting: LHB Larry Jackson
|
0-0: Ball 1-0: Foul Ball, location: 2F 1-1: Ball 2-1: SINGLE (Groundball, 56D, EV 106.3 MPH) (infield hit)
|
|
Batting: RHB Jere Longenecker
|
0-0: Ball 1-0: Ball 2-0: Called Strike 2-1: Fly out, F8 (Flyball, 8RD, EV 102.5 MPH)
|
|
Batting: SHB Pat Bone
|
0-0: Ball 1-0: Ball 2-0: Ball 3-0: Called Strike 3-1: SINGLE (Line Drive, 9S, EV 88.8 MPH) Larry Jackson to second Runner from 2nd tries for 3rd, SAFE, throw by RF made to third
|
|
Batting: RHB William Allen
|
0-0: Called Strike 0-1: Foul Ball, location: 2F 0-2: Fly out, F9 (Flyball, 89S, EV 89.4 MPH)
|
|
Batting: RHB Russ Anglin
|
0-0: Ball 1-0: Ball 2-0: Ball 3-0: Base on Balls Pat Bone to second
|
|
Batting: RHB Jose Matos
|
0-0: Called Strike 0-1: Ball 1-1: SINGLE (Groundball, 5S, EV 67.5 MPH) (infield hit) Larry Jackson scores Pat Bone to third Russ Anglin to second
|
|
Batting: LHB Colin Sullivan
|
0-0: Ball 1-0: Called Strike 1-1: Ball 2-1: Ball 3-1: Base on Balls Pat Bone scores Russ Anglin to third Jose Matos to second
|
|
Batting: RHB Jose Escobar
|
0-0: Ball 1-0: Called Strike 1-1: Ground out 1-3 (Groundball, 34S, EV 72.5 MPH)
|
| Bottom of the 3rd over - 2 runs, 3 hits, 0 errors, 3 left on base; Billings 2 - Butte 2 |
| TOP OF THE 4TH |
|
Billings Mustangs batting - Pitching for Butte Copper Kings : LHP Richard Garcia
|
|
Batting: RHB Dave Rosenhahn
|
0-0: Fly out, F3 (Popup, 3F, EV 66.3 MPH)
|
|
Batting: RHB Gordon Eakin
|
0-0: Swinging Strike 0-1: Ball 1-1: Ball 2-1: Ball 3-1: Foul Ball, location: 2F 3-2: Foul Ball, location: 2F 3-2: SINGLE (Groundball, 6MD, EV 109.4 MPH)
|
|
Batting: RHB Brian Milner
|
0-0: Ball 1-0: Ball 2-0: Grounds into double play, 1-4-3 (Groundball, 15S, EV 69.4 MPH)
|
| Top of the 4th over - 0 runs, 1 hit, 0 errors, 0 left on base; Billings 2 - Butte 2 |
| BOTTOM OF THE 4TH |
|
Butte Copper Kings batting - Pitching for Billings Mustangs : RHP Marco Castillo
|
|
Batting: RHB Juan Alvarez
|
0-0: Ball 1-0: Fly out, F8 (Flyball, 8LD, EV 96.3 MPH)
|
|
Batting: LHB Larry Jackson
|
0-0: Ball 1-0: SINGLE (Line Drive, 4M, EV 100.6 MPH)
|
|
Batting: RHB Jere Longenecker
|
0-0: Ball Larry Jackson is caught stealing 2nd base 2-4 1-0: Swinging Strike 1-1: Swinging Strike 1-2: Foul Ball, location: 2F 1-2: Ground out U3 (Groundball, 3, EV 88.1 MPH)
|
| Bottom of the 4th over - 0 runs, 1 hit, 0 errors, 0 left on base; Billings 2 - Butte 2 |
| TOP OF THE 5TH |
|
Billings Mustangs batting - Pitching for Butte Copper Kings : LHP Richard Garcia
|
|
Batting: RHB Howard Maynor
|
0-0: Fly out, F9 (Flyball, 89M, EV 83.8 MPH)
|
|
Batting: RHB Howard Meier
|
0-0: Ball 1-0: Ball 2-0: Ball 3-0: Base on Balls
|
|
Batting: RHB Daniel Jones
|
0-0: Ball Howard Meier steals 2nd base 1-0: Ball 2-0: Ground out 6-3 (Groundball, 6, EV 90.0 MPH) Howard Meier to third
|
|
Batting: RHB Andy Lawrence
|
0-0: Ball 1-0: Called Strike 1-1: Called Strike 1-2: Foul Ball, location: 2F 1-2: Fly out, F9 (Flyball, 9D, EV 93.8 MPH)
|
| Top of the 5th over - 0 runs, 0 hits, 0 errors, 1 left on base; Billings 2 - Butte 2 |
| BOTTOM OF THE 5TH |
|
Butte Copper Kings batting - Pitching for Billings Mustangs : RHP Marco Castillo
|
|
Batting: SHB Pat Bone
|
0-0: Foul Ball, location: 2F 0-1: SINGLE (Groundball, 34D, EV 102.5 MPH)
|
|
Batting: RHB William Allen
|
0-0: Called Strike Pat Bone steals 2nd base (no throw) 0-1: Called Strike 0-2: Strikes out looking
|
|
Batting: RHB Russ Anglin
|
0-0: Ball 1-0: Foul Ball, location: 2F 1-1: Ground out 5-3 (Groundball, 56, EV 88.1 MPH)
|
|
Batting: RHB Jose Matos
|
0-0: Ball 1-0: Called Strike 1-1: Foul Ball, location: 2F 1-2: Ball 2-2: TRIPLE (Flyball, 78XD, EV 104.4 MPH) Pat Bone scores
|
|
Batting: LHB Colin Sullivan
|
0-0: Called Strike 0-1: Ground out 6-3 (Groundball, 6, EV 88.8 MPH)
|
| Bottom of the 5th over - 1 run, 2 hits, 0 errors, 1 left on base; Billings 2 - Butte 3 |
| TOP OF THE 6TH |
|
Billings Mustangs batting - Pitching for Butte Copper Kings : LHP Richard Garcia
|
|
Batting: RHB Randy Day
|
0-0: Called Strike 0-1: Fly out, F9 (Flyball, 9S, EV 81.9 MPH)
|
|
Pitching: RHP Kevin Quirk
|
|
|
Batting: RHB Leonidas Nolasco
|
0-0: Called Strike 0-1: Fly out, F4 (Flyball, 34D, EV 88.8 MPH)
|
|
Batting: RHB Dave Rosenhahn
|
0-0: Swinging Strike 0-1: Fly out, F2 (Popup, 2R, EV 90.6 MPH)
|
| Top of the 6th over - 0 runs, 0 hits, 0 errors, 0 left on base; Billings 2 - Butte 3 |
| BOTTOM OF THE 6TH |
|
Butte Copper Kings batting - Pitching for Billings Mustangs : RHP Marco Castillo
|
|
Batting: RHB Jose Escobar
|
0-0: Called Strike 0-1: Ball 1-1: DOUBLE (Line Drive, 89D, EV 106.9 MPH)
|
|
Batting: RHB Juan Alvarez
|
0-0: Ball 1-0: Ground out 5-3 (Groundball, 56, EV 86.9 MPH)
|
|
Batting: LHB Larry Jackson
|
0-0: Ball 1-0: Fly out, F8 (Flyball, 8RS, EV 90.0 MPH)
|
|
Batting: RHB Jere Longenecker
|
0-0: Ball 1-0: Called Strike 1-1: Ball 2-1: Fly out, F9 (Line Drive, 9, EV 91.9 MPH)
|
| Bottom of the 6th over - 0 runs, 1 hit, 0 errors, 1 left on base; Billings 2 - Butte 3 |
| TOP OF THE 7TH |
|
Billings Mustangs batting - Pitching for Butte Copper Kings : RHP Kevin Quirk
|
|
Batting: RHB Gordon Eakin
|
0-0: Called Strike 0-1: SINGLE (Groundball, 6D, EV 101.3 MPH)
|
|
Batting: RHB Brian Milner
|
0-0: Ball 1-0: Fielders Choice at 2nd, 6-4 (Groundball, 6S, EV 85.0 MPH)
|
|
Pinch Hitting: RHB Frank Meraz
|
0-0: Ball Brian Milner steals 2nd, throwing error, E2 Brian Milner to third 1-0: Swinging Strike 1-1: Foul Ball, location: 2F 1-2: Ground out 5-3 (Groundball, 15, EV 86.3 MPH)
|
|
Batting: RHB Howard Meier
|
0-0: Ball 1-0: Called Strike 1-1: Ball 2-1: Foul Ball, location: 2F 2-2: Foul Ball, location: 2F 2-2: Ball 3-2: Foul Ball, location: 2F 3-2: Base on Balls
|
|
Batting: RHB Daniel Jones
|
0-0: Ball 1-0: Ball 2-0: Foul Ball, location: 2F 2-1: Swinging Strike 2-2: Ball 3-2: DOUBLE (Line Drive, 9LD, EV 102.5 MPH) Brian Milner scores Howard Meier to third Howard Meier scores
|
|
Batting: RHB Andy Lawrence
|
0-0: Called Strike 0-1: Fly out, F7 (Flyball, 7, EV 93.1 MPH)
|
| Top of the 7th over - 2 runs, 2 hits, 1 error, 1 left on base; Billings 4 - Butte 3 |
| BOTTOM OF THE 7TH |
|
Butte Copper Kings batting - Pitching for Billings Mustangs : RHP Marco Castillo
|
|
Now in RF: Mariano Reyes
|
|
|
Batting: SHB Pat Bone
|
0-0: Called Strike 0-1: Ball 1-1: Ball 2-1: Ground out U3 (Groundball, 3, EV 86.3 MPH)
|
|
Batting: RHB William Allen
|
0-0: Ball 1-0: Ball 2-0: SINGLE (Groundball, P, EV 77.5 MPH) (infield hit)
|
|
Pinch Hitting: LHB Michael Kane
|
0-0: Ball 1-0: Ball 2-0: Foul Ball, location: 2F 2-1: Foul Ball, location: 2F 2-2: Strikes out swinging
|
|
Pinch Hitting: LHB David Dillard
|
0-0: Ball 1-0: Called Strike William Allen is caught stealing 2nd base 2-6
|
| Bottom of the 7th over - 0 runs, 1 hit, 0 errors, 0 left on base; Billings 4 - Butte 3 |
| TOP OF THE 8TH |
|
Billings Mustangs batting - Pitching for Butte Copper Kings : RHP Kevin Quirk
|
|
Pitching: RHP Alec McCullock
|
|
|
Now at C: Dan Gasparino
|
|
|
Now at 3B: Michael Kane
|
|
|
Batting: RHB Randy Day
|
0-0: Ball 1-0: Ball 2-0: DOUBLE (Line Drive, 9LM, EV 108.1 MPH)
|
|
Batting: RHB Leonidas Nolasco
|
0-0: Ball 1-0: Ground out 6-3 (Groundball, 6, EV 91.9 MPH) Randy Day to third
|
|
Batting: RHB Dave Rosenhahn
|
0-0: Ball 1-0: Ball 2-0: Ball 3-0: Called Strike 3-1: Base on Balls
|
|
Batting: RHB Gordon Eakin
|
0-0: DOUBLE (Line Drive, 7LM, EV 101.3 MPH) Randy Day scores Dave Rosenhahn to third
|
|
Batting: RHB Brian Milner
|
0-0: Intentional Walk
|
|
Batting: SHB Mariano Reyes
|
0-0: Called Strike 0-1: Foul Ball, location: 2F 0-2: Strikes out swinging
|
|
Batting: RHB Howard Meier
|
0-0: Foul Ball, location: 2F 0-1: Ball 1-1: Foul Ball, location: 2F 1-2: Foul Ball, location: 2F 1-2: Ground out 1-3 (Groundball, 13S, EV 63.8 MPH)
|
| Top of the 8th over - 1 run, 2 hits, 0 errors, 3 left on base; Billings 5 - Butte 3 |
| BOTTOM OF THE 8TH |
|
Butte Copper Kings batting - Pitching for Billings Mustangs : RHP Marco Castillo
|
|
Batting: RHB Dan Gasparino
|
0-0: Called Strike 0-1: Ball 1-1: Fly out, F8 (Line Drive, 8LD, EV 92.5 MPH)
|
|
Batting: LHB Colin Sullivan
|
0-0: Ball 1-0: Foul Ball, location: 2F 1-1: Fly out, F4 (Popup, 34D, EV 75.6 MPH)
|
|
Batting: RHB Jose Escobar
|
0-0: Foul Ball, location: 2F 0-1: Foul Ball, location: 2F 0-2: Ball 1-2: Strikes out swinging
|
| Bottom of the 8th over - 0 runs, 0 hits, 0 errors, 0 left on base; Billings 5 - Butte 3 |
| TOP OF THE 9TH |
|
Billings Mustangs batting - Pitching for Butte Copper Kings : RHP Alec McCullock
|
|
Batting: RHB Daniel Jones
|
0-0: Ball 1-0: Ball 2-0: Fly out, F9 (Flyball, 9LS, EV 95.6 MPH)
|
|
Batting: RHB Andy Lawrence
|
0-0: Called Strike 0-1: Swinging Strike 0-2: Ball 1-2: Ball 2-2: Ball 3-2: Strikes out looking
|
|
Batting: RHB Randy Day
|
0-0: Ground out 2-3 (Groundball, 2L, EV 75.0 MPH)
|
| Top of the 9th over - 0 runs, 0 hits, 0 errors, 0 left on base; Billings 5 - Butte 3 |
| BOTTOM OF THE 9TH |
|
Butte Copper Kings batting - Pitching for Billings Mustangs : RHP Marco Castillo
|
|
Batting: RHB Juan Alvarez
|
0-0: Ball 1-0: Ball 2-0: Ball 3-0: SINGLE (Groundball, 13S, EV 60.6 MPH) (infield hit)
|
|
Batting: LHB Larry Jackson
|
0-0: Ball 1-0: Ball 2-0: Foul Ball, location: 2F 2-1: Swinging Strike 2-2: Fielders Choice at 2nd, 4-6 (Groundball, 34, EV 82.5 MPH)
|
|
Batting: RHB Jere Longenecker
|
0-0: Ball 1-0: Foul Ball, location: 2F 1-1: Ball 2-1: Ball 3-1: Ground out 3-1 (Groundball, 13, EV 83.1 MPH) Larry Jackson to second
|
|
Batting: SHB Pat Bone
|
0-0: Ball 1-0: SINGLE (Groundball, P, EV 82.5 MPH) (infield hit) Larry Jackson to third
|
|
Pinch Hitting: RHB Kevin Sliwinski
|
0-0: Called Strike 0-1: Ball 1-1: Ball 2-1: Ground out U3 (Groundball, 3S, EV 70.6 MPH)
|
| Bottom of the 9th over - 0 runs, 2 hits, 0 errors, 2 left on base; Billings 5 - Butte 3 |
|